 Dungeon Crawl Stone Soup version 0.29.1-13-g9f3cf754e1 (webtiles) character file.

Game seed: 3934030580486537957

5647 CungeonDrawl the Fighter (level 10, -2/82 HPs)
             Began as a Demonspawn Fire Elementalist on Jan 26, 2023.
             Was an Initiate of Gozag.
             Slain by an ice devil (13 damage)
             ... on level 12 of the Dungeon.
             The game lasted 00:56:09 (11133 turns).

CungeonDrawl the Fighter (DsFE)                    Turns: 11133, Time: 00:56:09

Health: -2/82      AC:  5    Str:  9    XL:     10   Next: 46%
Magic:  8/20       EV: 13    Int: 26    God:    Gozag
Gold:   1026       SH:  5    Dex: 13    Spells: 16/22 levels left

rFire   + + +      SeeInvis .   x - +0 demon blade (elec)
rCold   x . .      Faith    .   t - +0 buckler
rNeg    . . .      Spirit   .   a - +0 steam dragon scales
rPois   .          Reflect  .   c - +0 hat of the Fife {rF+++ rC- rCorr Int+3}
rElec   .          Harm     .   (no cloak)
rCorr   +          Rampage  .   (no gloves)
Will    +....                   (no boots)
Stlth   ++........              (no amulet)
HPRegen 0.23/turn               B - ring of willpower
MPRegen 0.17/turn               (no ring)

@: no status effects
A: hooves 2, powered by pain 1, big brain 1
a: Renounce Religion, Potion Petition, Call Merchant, Bribe Branch


You were on level 12 of the Dungeon.
You worshipped Gozag.
Gozag was most pleased with you.
You visited 2 branches of the dungeon, and saw 13 of its levels.
You also visited: Ice Cave.

You collected 1205 gold pieces.
You paid 179 gold pieces to Gozag.

Inventory:

Hand Weapons
 x - a +0 demon blade of electrocution (weapon)
Missiles
 d - 5 javelins
 r - 37 poisoned darts
Armour
 a - +0 steam dragon scales (worn)
 c - the +0 hat of the Fife (worn) {rF+++ rC- rCorr Int+3}
   (You found it on level 3 of the Dungeon)

   Int:       It affects your intelligence (+3).
   rF:        It renders you almost immune to fire.
   rC:        It makes you vulnerable to cold.
   rCorr:     It protects you from acid and corrosion.
 t - a +0 buckler (worn)
Jewellery
 B - a ring of willpower (left hand)
 E - an amulet of guardian spirit
Wands
 s - a wand of flame (15)
 w - a wand of roots (10)
Scrolls
 e - a scroll of fear
 f - a scroll of blinking
 g - 6 scrolls of teleportation
 h - 2 scrolls of poison
 j - 2 scrolls of enchant weapon {unknown}
 m - a scroll of magic mapping
 o - a scroll of noise {unknown}
 y - a scroll of torment {unknown}
 z - a scroll of silence {unknown}
 C - a scroll of butterflies {unknown}
Potions
 b - a potion of magic
 i - 3 potions of might
 k - 3 potions of curing
 l - 3 potions of attraction
 n - a potion of cancellation
 q - a potion of flight
 u - a potion of invisibility
 v - a potion of mutation
 A - a potion of resistance {unknown}
 D - a potion of haste {unknown}


   Skills:
 * Level 8.9 Fighting
 - Level 5.4 Dodging
 - Level 1.8 Stealth
 - Level 5.0 Shields
 - Level 6.6 Spellcasting
 - Level 6.9 Conjurations
 - Level 6.9 Fire Magic


You had 16 spell levels left.
You knew the following spells:

 Your Spells              Type           Power      Damage    Failure   Level
a - Foxfire               Conj/Fire      100%       2x1d9     1%          1
b - Scorch                Fire           88%        2d9       1%          2
c - Conjure Flame         Conj/Fire      44%        6-21      1%          3

Your spell library contained the following spells:

 Spells                   Type           Power      Damage    Failure   Level
 Flame Wave               Conj/Fire      44%        2d11      4%          4
 Inner Flame              Hex/Fire       26%        N/A       6%          3
 Animate Armour           Summ/Erth      16%        N/A       63%         4
 Olgreb's Toxic Radiance  Pois           8%         N/A       63%         4
 Blade Hands              Tmut           4%         N/A       93%         5
 Summon Forest            Summ/Tloc      4%         N/A       93%         5
 Iron Shot                Conj/Erth      13%        9d3       97%         6
 Eringya's Noxious Bog    Tmut/Pois      4%         N/A       100%        6
 Ozocubu's Refrigeration  Ice            4%         4d8       100%        7
 Summon Hydra             Summ           4%         N/A       100%        7
 Ignition                 Fire           22%        3d8       100%        8


Dungeon Overview and Level Annotations

Branches:
Dungeon (12/15)            Temple (1/1) D:4            Lair (0/5) D:9
  IceCv (visited)
    Orc: D:9-12

Altars:
Ashenzari
Cheibriados
Dithmenos
Fedhas
Gozag
Hepliaklqana
Kikubaaqudgha
Makhleb
Nemelex Xobeh
Okawaru
Qazlal
Ru
Sif Muna
Trog
Uskayaw
Vehumet
Wu Jian
Xom
Yredelemnul

Annotations:
D:3 Grinder
D:5 2 transporters, Ortega's ghost, weakling MeDe
D:7 2 transporters, Zippel's ghost, novice FeWn
D:9 Erica


Innate Abilities, Weirdness & Mutations

You have hoof-like feet.
You sometimes gain a little power by taking damage.
You have an unusually large brain. (Int +2)


Message History

Casting: Foxfire (safe; 1% risk of failure)
Confirm with . or Enter, or press ? or * to list all spells.
You conjure some foxfire!
Casting: Foxfire (safe; 1% risk of failure)
Confirm with . or Enter, or press ? or * to list all spells.
You conjure some foxfire!
The foxfire hits the ice devil but does no damage.
The ice devil is heavily wounded.
The foxfire hits the ice devil but does no damage.
The ice devil is heavily wounded.
Casting: Foxfire (safe; 1% risk of failure)
Confirm with . or Enter, or press ? or * to list all spells.
You conjure some foxfire!
The ice devil is no longer more vulnerable to fire.
The foxfire hits the ice devil but does no damage.
The ice devil is heavily wounded.
You are too injured to fight recklessly!
Casting: Foxfire (safe; 1% risk of failure)
Confirm with . or Enter, or press ? or * to list all spells.
Flames lash the ice devil but do no damage.
The foxfire hits the ice devil but does no damage.
The ice devil is heavily wounded.
The foxfire hits the ice devil but does no damage.
The ice devil is heavily wounded.
The foxfire hits the ice devil!
The ice devil is burned terribly!
The ice devil is severely wounded.
Casting: Scorch (safe; 1% risk of failure)
Confirm with . or Enter, or press ? or * to list all spells.
Flames lash the ice devil but do no damage.
Casting: Scorch (safe; 1% risk of failure)
Confirm with . or Enter, or press ? or * to list all spells.
Flames lash the ice devil.
The ice devil is burned terribly!
The ice devil is almost dead.
The ice devil's fire resistance burns away.
Casting: Scorch (safe; 1% risk of failure)
Confirm with . or Enter, or press ? or * to list all spells.
Flames lash the ice devil but do no damage.
The ice devil hits you!
You die...
Your body crumbles into a pile of gold.

***** #*#..,*###*****
#####...*,,..,,,,,*
#......,*,,.#****,*
#.#.#.#####.####*,*
##.#.....#v.....#*,*
#........#...##.##,*
#......4@.........,***
##.................,,,*
#......######.#[.#.**,*
#$.$.$.#*** *,#,,.,**,*
##..$##....#**,*,**,**,*
#.$.##*.###.#*,*,**,**,****
##$###*,##
**,*,,,,,,,,,,,,,
##...##*,* *,******,******,
#.....#*,** **,* *,* **


You could see an ice devil (combustible).

Vanquished Creatures
  A hydra (D:12)
  A komodo dragon (D:12)
  A troll (D:11)
  A shadow (D:11)
  A human (D:6)
  5 yaks
  2 steam dragons
  2 orc warriors (D:9)
  2 black bears
  A sky beast (D:7)
  3 ogres
  A centaur (D:6)
  2 phantoms
  3 kobold brigands
  A scorpion (D:7)
  3 bullfrogs
  2 gnoll sergeants
  7 wights
  10 killer bees
  2 jellies
  4 hounds
  An orc priest (D:4)
  3 iguanas
  11 orc wizards
  A spriggan simulacrum (IceCv)
  8 gnolls
  7 adders
  2 shadow imps
  14 white imps
  5 worms
  4 dart slugs
  24 orcs
  3 ball pythons
  5 bats
  2 endoplasms (D:4)
  2 giant cockroaches
  5 goblins
  5 hobgoblins
  4 jackals
  29 kobolds
  2 quokkas
  2 frilled lizards
  A jackal skeleton (D:6)
  2 rats
197 creatures vanquished.

Vanquished Creatures (others)
  618 foxfires
618 creatures vanquished.

Grand Total: 815 creatures vanquished

Notes
Turn   | Place    | Note
-------+----------+-------------------------------------------
     0 | D:1      | CungeonDrawl the Demonspawn Fire Elementalist began the
                  | quest for the Orb.
     0 | D:1      | Reached XP level 1. HP: 13/13 MP: 3/3
   312 | D:1      | Gained mutation: You have large cloven feet. [demonic
                  | ancestry]
   312 | D:1      | Reached XP level 2. HP: 19/19 MP: 3/5
  1222 | D:2      | Learned a level 2 spell: Scorch
  1393 | D:2      | Reached XP level 3. HP: 24/24 MP: 0/6
  2059 | D:3      | Found a bloodstained altar of Trog.
  2063 | D:3      | Identified the +0 hat of the Fife {rF+++ rC- rCorr Int+3}
  2192 | D:3      | Found a radiant altar of Vehumet.
  2208 | D:3      | Found a faded altar of an unknown god.
  2332 | D:3      | Noticed Grinder
  2481 | D:3      | Found a stormy altar of Qazlal.
  2954 | D:4      | Reached XP level 4. HP: 30/30 MP: 1/8
  2954 | D:4      | Reached XP level 5. HP: 35/35 MP: 1/14
  2959 | D:4      | Learned a level 3 spell: Conjure Flame
  3468 | D:4      | Reached skill level 1 in Fighting
  3533 | D:4      | Gained mutation: You have hoof-like feet. [demonic
                  | ancestry]
  3533 | D:4      | Reached XP level 6. HP: 43/43 MP: 9/15
  3683 | D:4      | Found a shimmering blue altar of Sif Muna.
  3878 | D:4      | Found a staircase to the Ecumenical Temple.
  3887 | Temple   | Entered the Ecumenical Temple
  4002 | D:5      | Entered Level 5 of the Dungeon
  4012 | D:5      | Reached skill level 2 in Fighting
  4173 | D:5      | Gained mutation: You sometimes gain a little power by
                  | taking damage. [demonic ancestry]
  4173 | D:5      | Reached XP level 7. HP: 51/51 MP: 11/17
  4578 | D:5      | Reached skill level 3 in Fighting
  4711 | D:5      | Noticed a hornet
  4720 | D:5      | Found an ornate altar of the Wu Jian Council.
  4898 | D:5      | Noticed Ortega's ghost (weakling MeDe)
  4933 | D:5      | Found a transporter.
  4934 | D:5      | Found a transporter.
  5286 | D:6      | Noticed a steam dragon
  5296 | D:6      | Killed a steam dragon
  5297 | D:6      | Reached skill level 4 in Fighting
  5297 | D:6      | Reached XP level 8. HP: 53/60 MP: 8/18
  5917 | D:6      | Reached skill level 5 in Dodging
  5923 | D:6      | Reached skill level 5 in Fighting
  6084 | D:6      | Found a runed translucent door.
  6086 | D:6      | Found a basalt altar of Yredelemnul.
  6775 | D:7      | Gained mutation: You have an unusually large brain. (Int
                  | +2) [demonic ancestry]
  6775 | D:7      | Reached XP level 9. HP: 68/68 MP: 14/19
  6845 | D:7      | Found a snail-covered altar of Cheibriados.
  7075 | D:7      | Found a transporter.
  7075 | D:7      | Noticed Zippel's ghost (novice FeWn)
  7077 | D:7      | Found a transporter.
  7078 | D:7      | Noticed a manticore
  7306 | D:7      | Reached skill level 1 in Shields
  7567 | D:7      | Found a burning altar of Makhleb.
  7939 | D:8      | Found an opulent altar of Gozag.
  7944 | D:8      | Became a worshipper of Gozag Ym Sagoz the Greedy
  8063 | D:8      | Found a blossoming altar of Fedhas.
  8261 | D:8      | Reached skill level 6 in Fighting
  9936 | D:9      | Reached skill level 7 in Fighting
 10058 | D:9      | Noticed Erica
 10163 | D:9      | Found a staircase to the Lair.
 10420 | D:10     | Entered Level 10 of the Dungeon
 10420 | D:10     | Noticed a skeletal warrior
 10443 | D:10     | You fall into a shaft and drop 2 floors!
 10480 | D:12     | Noticed a four-headed hydra
 10504 | D:12     | Reached XP level 10. HP: 53/79 MP: 2/20
 10809 | D:12     | Killed a four-headed hydra
 10810 | D:12     | Reached skill level 8 in Fighting
 10810 | D:12     | Reached skill level 5 in Shields
 10929 | D:12     | Found a frozen archway.
 11060 | IceCv    | Entered an ice cave
 11133 | D:12     | Slain by an ice devil

Illustrated notes

Levels and vault maps discovered:
D:1:      spicycebolla_arrival_transporter_tutorial, layout_basic
D:2:      layout_basic
D:3:      layout_loops_ring, mainiacjoe_overflow_catch_the_wave,
          old_standard_altar, mainiacjoe_overflow_catwalk,
          mainiacjoe_overflow_six_doors_small,
          ebering_ecumenical_altar_petrified, uniq_grinder
D:4:      layout_rooms, nicolae_sif_muna_condensation, minmay_temple_entry_grid
D:5:      layout_basic, general_overflow_altar, gammafunk_ghost_hive
D:6:      layout_loops_cross, dk_yredelemnul_ordeal
D:7:      layout_loops_corners, cheibriados_altar_1,
          mainiacjoe_overflow_concentric_impassable, gammafunk_ghost_arena
D:8:      layout_basic, fedhas_altar_1,
          nicolae_gozag_cash_rules_everything_around_me,
          amcnicky_mini_corridor_feature
D:9:      layout_loops_ring, lair_entry_dummy, kennysheep_donut,
          nicolae_sextant, abandoned_shop, uniq_erica
D:10:     layout_basic
D:11:     layout_cave_pools, david_orc_2
D:12:     layout_loops_cross, portal_ice_cave_entry_imps, tgw_trog
Temple:   nicolae_temple_ecumenical_triangle

Skill      XL: |  1  2  3  4  5  6  7  8  9 10 |
---------------+-------------------------------+-----
Fire Magic     | 3 6 |  6.9
Conjurations   | 2 6 |  6.9
Spellcasting   | 6 |  6.6
Dodging        | 2 3 4 5 |  5.4
Fighting       | 1 2 4 5 7 8 |  8.9
Shields        | 4 5 |  5.0
Stealth        | |  1.8

Action                   |  1- 3 |  4- 6 |  7- 9 | 10-12 || total
-------------------------+-------+-------+-------+-------++-------
Melee: Unarmed           |     7 |       |       |       ||     7
       Punch             |     1 |       |       |       ||     1
       Short sword       |     5 |       |       |       ||     5
       Kick              |     3 |       |     2 |     3 ||     8
       Demon blade       |       |       |    12 |     9 ||    21
Throw: Dart              |       |       |     5 |       ||     5
 Cast: Foxfire           |    70 |    74 |   179 |    37 ||   360
       Scorch            |     8 |    10 |   106 |    20 ||   144
       Conjure Flame     |       |       |     7 |       ||     7
  Use: Scroll            |     6 |     3 |     7 |     1 ||    17
       Potion            |       |     1 |       |     2 ||     3
 Stab: Distracted        |       |       |     2 |       ||     2
Armor: Robe              |     4 |       |       |       ||     4
       Steam dragon scal |       |       |     1 |     1 ||     2
Dodge: Dodged            |     8 |       |    19 |     6 ||    33
Block: Buckler           |       |       |     4 |     2 ||     6
